[Event "*** Titled Tuesday 3|2 Blitz"]
[Site "Chess.com"]
[Date "2015.09.01"]
[Round "8"]
[White "Tesla37"]
[Black "Iball95"]
[Result "1-0"]
[WhiteElo "2544"]
[BlackElo "2352"]
[TimeControl "180+2"]
[EndTime "12:39:19 PDT"]
[Termination "Tesla37 won by resignation"]

1. e4 c5 2. Nf3 Nc6 3. Nc3 g6 4. d4 cxd4 5. Nxd4 Bg7 6. Nde2 Nf6 7. g3 O-O 8. Bg2 Rb8 9. a4 a6 10. O-O d6 11. b3 b5 12. axb5 axb5 13. Bb2 b4 14. Nb1 Bb7 15. Nd2 Qc7 16. Nc4 Rfd8 17.
Ne3 e6 18. Ra2 Ne5 19. f3 d5 20. Qa1 Ned7 21. e5 Ne8 22. f4 Nc5 23. Nd4 Ne4 24. Ra4 Bf8 25. Qe1 Qb6 26. Qe2 Nc7 27. Rd1 Bc5 28. Bf3 Bc6 29. Raa1 Nc3 30. Bxc3 bxc3 31.
Nxc6 Qxc6 32. Kg2 Qb6 33. Ng4 Nb5 34. Nf6+ Kg7 35. Qd3 Be7 36. Ng4 h5 37. Nf2 Bc5 38. Rf1 Nd4 39. Nh3 Nf5 40. Kh1 Qb4 41. Ra4 Qb6 42. Qxc3 Rdc8 43. Qd3 Bd4 44. Ng5 Rc3 45. Qe2 Rbc8 46. Ra2 R8c7 47. Bxh5 gxh5 48. Qxh5 Nh6 49. Nf3 Rxc2 50. Qg5+ Kh7 51. Ra8 Rc8 52. Rxc8 Rxc8 53. Qf6 Rg8 54. Ng5+ Rxg5 55. fxg5 Qb5 56. Qxh6+ Kg8 57.
Qf6 Qb7 58. g6 fxg6 59. Qxg6+ Qg7 60. Qe8+ Kh7 61. Rf7 1-0

[Event "*** Titled Tuesday 3|2 Blitz"]
[Site "Chess.com"]
[Date "2015.09.01"]
[Round "8"]
[White "Moltini"]
[Black "alturas_pacificas"]
[Result "0-1"]
[WhiteElo "2082"]
[BlackElo "2012"]
[TimeControl "180+2"]
[EndTime "12:39:22 PDT"]
[Termination "alturas_pacificas won by resignation"]

1. d4 d5 2. c4 c6 3. Nc3 Nf6 4. Nf3 e6 5. g3 Nbd7 6. Bg2 Bd6 7.
O-O O-O 8. Nd2 Be7 9. e4 dxe4 10.
Ncxe4 Nxe4 11. Nxe4 Nf6 12. Nc3 Qd7 13. Be3 b6 14. Qe2 Ba6 15. Rfd1 Rfd8 16. b3 Rac8 17. h4 Qe8 18. Rac1 Ba3 19. Rc2 h6 20. Qf3 Bb4 21.
Bxh6 e5 22. d5 Bxc3 23. Rxc3 cxd5 24. Bg5 dxc4 25. Bxf6 Rxd1+ 26. Qxd1 gxf6 27. Bh3 Rd8 28. Qf3 Qe7 29. bxc4 Bb7 30. Qg4+ Kf8 31. h5 Qb4 32. Rc1 Qd2 33. Rf1 Rd4 34. Qf5 Qg5 35. Qxg5 fxg5 36. Rc1 g4 37. Bg2 Bxg2 38. Kxg2 e4 39. c5 bxc5 40.
Rxc5 Rd2 41. Re5 Rxa2 42. Rxe4 Ra5 43. Rxg4 Rxh5 44. Rb4 Ra5 45. f4 Ra1 46. Kf3 a5 47. Rb7 a4 48. Ra7 a3 49. Kg4 a2 50. Kf5 Kg7 51. g4 Kf8 52. Kf6 Ke8 53. Ra8+ Kd7 54. Kxf7 Rf1 55. f5 a1=Q 56. Rxa1 Rxa1 57. g5 Ra5 58. Kf6 Ke8 59. g6 Kf8 60. g7+ Kg8 61. Kg6 Ra1 62. f6 Rg1+ 63. Kf5 Kf7 64. Ke5 Re1+ 65.
Kf5 Rf1+ 66. Kg5 Rg1+ 67. Kf5 Rg6 68. Ke5 Rg5+ 69. Kf4 Kxf6 70. g8=N+ Rxg8 0-1

[Event "*** Titled Tuesday 3|2 Blitz"]
[Site "Chess.com"]
[Date "2015.09.01"]
[Round "8"]
[White "AnastasiaProtopopova"]
[Black "Bab3s"]
[Result "0-1"]
[WhiteElo "1809"]
[BlackElo "2119"]
[TimeControl "180+2"]
[EndTime "12:39:48 PDT"]
[Termination "Bab3s won by resignation"]

1. Nf3 Nf6 2. c4 e6 3. Nc3 d5 4. d4 Be7 5. Bf4 O-O 6. e3 c5 7. cxd5 Nxd5 8. Nxd5 Qxd5 9. Be2 Nc6 10. O-O cxd4 11.
exd4 Rd8 12. Be3 Bf6 13. Qc2 Nxd4 14. Nxd4 Bxd4 15. Rfd1 e5 16. Bf3 Qb5 17. Qc7 Be6 18.
Bxb7 Rab8 19. Bc6 Qxb2 20. Bxd4 exd4 21. Be4 Qb6 22. Qe5 Qd6 23. Qa5 Qb6 24. Qh5 g6 25. Qe5 Qd6 26. Qa5 Rd7 27. Rab1 Rxb1 28. Rxb1 d3 29. Rd1 d2 30. Bf3 Qd3 31. Qe5 Qd4 32.
Qa5 Qb2 33. Qa4 Qxa2 34. Qb4 a5 35. Qb8+ Kg7 36. Qe5+ f6 37. Qb5 Qc4 38. Qxa5 Qc2 39. Qb5 Qb3 40. Qe2 Qc4 41. Rxd2 Rxd2 42. Qxd2 Bg4 43. Bxg4 Qxg4 44. h3 Qe6 45. Qc3 h5 46.
Qc7+ Kh6 47. Qf4+ g5 48. Qb4 Kg6 49. Qd2 f5 50. Qc3 f4 51. Qd3+ Qf5 52. Qxf5+ Kxf5 53. g3 f3 54. Kh2 Ke4 55. Kg1 Kd3 56. h4 g4 57. Kf1 Kd2 58. Kg1 Ke2 59. Kh1 Kxf2 60.
Kh2 Ke2 0-1

[Event "*** Titled Tuesday 3|2 Blitz"]
[Site "Chess.com"]
[Date "2015.09.01"]
[Round "8"]
[White "Colombiano07"]
[Black "fumeynoel"]
[Result "1/2-1/2"]
[WhiteElo "1958"]
[BlackElo "1593"]
[TimeControl "180+2"]
[EndTime "12:40:12 PDT"]
[Termination "Game drawn - insufficient material"]

1. e4 d5 2. d4 dxe4 3. Nc3 Nf6 4. Bg5 Bf5 5. f3 exf3 6. Qxf3 e6 7. Qxb7 Nbd7 8. Nf3 Be7 9. Ne5 Bxc2 10. Bb5 O-O 11.
Nc6 Qc8 12. Nxe7+ Kh8 13. Nxc8 Rfxc8 14. O-O Bg6 15. Ba6 Rcb8 16. Qxc7 Rxb2 17. Bc8 Nb6 18. Qd8+ Ng8 19. d5 Rxc8 20. Qd6 Rxc3 21. dxe6 fxe6 22.
Qxe6 Rcc2 23. Bf4 Rxg2+ 24. Kh1 Rge2 25. Qh3 Be4+ 26. Rf3 Rf2 27. Rf1 Bxf3+ 28. Qxf3 Rxf3 29. Rxf3 Rxa2 30. Be5 Re2 31. Bd4 Re7 32. Rf8 Nd7 33.
Ra8 Nf6 34. Bxa7 Re1+ 35. Kg2 Ra1 36. h4 h6 37. Kf3 Kh7 38. Ke3 Nd5+ 39. Kd4 Ngf6 40.
Kc5 Nc7 41. Rc8 Rxa7 42. Kb6 Ra6+ 43. Kxc7 Ra1 44. Kd6 Rd1+ 45. Ke5 Re1+ 46. Kf4 Rf1+ 47. Kg3 Rg1+ 48. Kh2 Rg4 49. Kh3 Kg6 50. Rc6 Ra4 51.
Rc3 Ne4 52. Rc6+ Kf5 53. Rb6 Ra3+ 54. Kh2 g5 55. hxg5 hxg5 56. Rb5+ Kg4 57. Rb2 Rf3 58. Kg2 Kf4 59. Rb4 Rf2+ 60. Kg1 Rf3 61. Kg2 g4 62.
Ra4 Rf2+ 63. Kg1 g3 64. Ra8 Kf3 65. Ra3+ Ke2 66. Ra2+ Nd2 67. Ra3 g2 68. Rg3 Ne4 69. Rxg2 Rxg2+ 70. Kxg2 1/2-1/2

[Event "*** Titled Tuesday 3|2 Blitz"]
[Site "Chess.com"]
[Date "2015.09.01"]
[Round "8"]
[White "lukas_111111"]
[Black "alexsuper1987"]
[Result "0-1"]
[WhiteElo "2207"]
[BlackElo "2152"]
[TimeControl "180+2"]
[EndTime "12:40:50 PDT"]
[Termination "alexsuper1987 won on time"]

1. e4 Nc6 2. d4 d5 3. e5 f6 4. Nf3 Bg4 5. Bb5 fxe5 6. dxe5 e6 7.
h3 Bxf3 8. Qxf3 Bc5 9. O-O Qd7 10. Be3 Bxe3 11. Qxe3 Nge7 12. Nd2 Nf5 13. Qc3 Nfd4 14. Bd3 O-O 15. f4 Rf7 16. b4 a6 17. a4 Nf5 18. Bxf5 Rxf5 19. b5 Ne7 20. Nb3 b6 21.
Nd4 Rf7 22. Qd3 Ng6 23. g3 a5 24. Rae1 Raf8 25. f5 Rxf5 26. Nxf5 exf5 27. e6 Qd6 28.
Re3 f4 29. gxf4 Nxf4 30. Qd4 Nxe6 31. Rxf8+ Nxf8 32. Rd3 Qg6+ 33. Kh2 Qd6+ 34. Kh1 Qe6 35. Qxd5 Kf7 36. Qxe6+ Kxe6 37. Re3+ Kd6 38. Rd3+ Ke6 39. Rd8 Nd7 40. Kg2 Nc5 41. Rd4 Ke5 42. Rc4 Kd5 43. Rh4 h6 44. Kf3 Nd7 45. Ke3 Ne5 46. Rd4+ Kc5 47.
Re4 Nc4+ 48. Kd3 Nb2+ 49. Kc3 Nd1+ 50. Kd2 Nf2 51. Re3 Kb4 52. Rf3 Nh1 53. Rf4+ Ka3 54. Rf7 Kxa4 55. Rxc7 Nf2 56. Rxg7 Nxh3 57. Rg4+ Kxb5 58.
Rh4 Nf2 59. Rxh6 Ne4+ 60. Kd3 Nc5+ 61. Kc3 Ne4+ 62. Kb2 Nc5 63. Rh5 Kc4 64. Rh4+ Kb5 65. Rh6 Na4+ 66. Kb3 Nc5+ 67. Kc3 Na4+ 68. Kd4 Nc5 69.
Kd5 a4 70. Rh3 Kb4 71. Rh6 Kb5 72. c4+ Ka5 0-1

[Event "*** Titled Tuesday 3|2 Blitz"]
[Site "Chess.com"]
[Date "2015.09.01"]
[Round "8"]
[White "manubibi"]
[Black "PowerThinking2650"]
[Result "1-0"]
[WhiteElo "2425"]
[BlackElo "2092"]
[TimeControl "180+2"]
[EndTime "12:40:59 PDT"]
[Termination "manubibi won on time"]

1. e4 e5 2. Nf3 Nc6 3. Bb5 a6 4.
Ba4 Nf6 5. O-O Be7 6. Re1 b5 7.
Bb3 d6 8. c3 O-O 9. h3 Bb7 10.
d4 Re8 11. Ng5 Rf8 12. Nf3 h6 13. Nbd2 Re8 14. Nf1 Bf8 15. Ng3 Qd7 16. a4 Rad8 17. d5 Ne7 18. c4 bxc4 19. Bxc4 c6 20. dxc6 Nxc6 21. Qe2 d5 22. Bxa6 dxe4 23. Bxb7 exf3 24. Bxc6 Qxc6 25. Qxf3 Qxf3 26. gxf3 Rd3 27. Be3 Nd5 28. Red1 Nb4 29. Rxd3 Nxd3 30. a5 Nxb2 31. a6 Nc4 32. Ne4 f5 33. Nd2 Nxe3 34. fxe3 Bc5 35. Nc4 f4 36. Kf2 fxe3+ 37. Ke2 Kf7 38. Ra5 Rc8 39.
Rxc5 Rxc5 40. a7 Rxc4 41. a8=Q Rf4 42. Kxe3 Rf6 43. Qc8 Re6 44. Ke4 Rf6 45. Kxe5 Kg6 46. f4 h5 47. h4 Kh7 48. Qe8 Rg6 49. f5 Rh6 50. Kf4 Rf6 51. Qxh5+ Rh6 52. Qg4 Rb6 53. Kg5 Rh6 54. Qe4 Rf6 55. h5 Kg8 56. Qe8+ Kh7 57. Qe7 Rh6 58. Qf8 Rc6 59. Qe8 Rf6 60. Kf4 Rh6 61. Ke5 Rb6 62. Qd7 Rh6 63. Qf7 Rb6 64. Qc7 Rh6 65. Kf4 Rf6 66. Ke4 Rh6 67. Qe7 Rb6 68. Kd5 Rh6 69. Qf7 Ra6 70.
Qe8 Ra5+ 71. Ke6 Ra6+ 72. Ke7 Rf6 73. Qb5 Rh6 74. Qd3 Rf6 75. Qe4 Kg8 76. Qe6+ 1-0

[Event "*** Titled Tuesday 3|2 Blitz"]
[Site "Chess.com"]
[Date "2015.09.01"]
[Round "8"]
[White "tac49"]
[Black "BIG_Pirate"]
[Result "1/2-1/2"]
[WhiteElo "2422"]
[BlackElo "2222"]
[TimeControl "180+2"]
[EndTime "12:41:41 PDT"]
[Termination "Game drawn by agreement"]

1. e4 d5 2. exd5 Qxd5 3. Nf3 Nf6 4. Be2 Nc6 5. O-O Bg4 6. h3 Bh5 7. Nc3 Qa5 8. Rb1 O-O-O 9. a3 e6 10. b4 Qf5 11. b5 Bxf3 12. Bxf3 Nd4 13. d3 Nxf3+ 14. Qxf3 Qxf3 15. gxf3 Bc5 16. Ne4 Bd4 17. Bg5 Rd5 18. Bxf6 Bxf6 19. Nxf6 gxf6 20. Rfe1 Kd7 21. Re4 Rf5 22. Kg2 h5 23. f4 Rg8+ 24. Kf3 b6 25. a4 Rc5 26. c4 Ke7 27. Rc1 Rd8 28.
d4 Rf5 29. Ke3 Rg8 30. a5 Kd7 31. Kf3 Kd6 32. Ra1 Kd7 33. Ra4 Kd6 34. Ra3 Kd7 35. Re1 Kd6 36. axb6 axb6 37. Ra7 Kd7 38. Rd1 Rb8 39.
c5 Kc8 40. cxb6 Rxb6 41. Rc1 Rb7 42. Ra8+ Kd7 43. Rf8 Ke7 44. Rc8 Rfxb5 45. R1xc7+ Rxc7 46. Rxc7+ Kf8 47. Rc8+ Kg7 48. Rd8 Rb3+ 49. Kg2 Rd3 50. f5 Kh6 51. h4 Kg7 52. Rd7 e5 53. d5 Rd4 54. Kg3 Kf8 55. d6 Ke8 56. Re7+ Kf8 57. Rd7 Ke8 58. Re7+ Kf8 59. Rd7 Rg4+ 60. Kf3 Rxh4 61.
Rd8+ Kg7 62. Ke3 Rd4 63. d7 h4 64. f4 h3 65. fxe5 fxe5 66. Kf2 Kf6 67. Kg3 Rd3+ 68. Kh2 e4 69. Re8 Rxd7 70. Rxe4 Kxf5 71. Re3 Kf4 72. Rxh3 Rd2+ 73. Kg1 f5 74. Ra3 Kg4 75. Kf1 f4 76. Rb3 Ra2 77. Rc3 Ra4 78. Rb3 Ra1+ 79. Kf2 Ra2+ 80. Kf1 Rh2 81. Kg1 Rc2 82. Kf1 f3 83. Rb8 Kg3 1/2-1/2

[Event "*** Titled Tuesday 3|2 Blitz"]
[Site "Chess.com"]
[Date "2015.09.01"]
[Round "9"]
[White "jup1978"]
[Black "Danirod"]
[Result "0-1"]
[WhiteElo "2165"]
[BlackElo "2364"]
[TimeControl "180+2"]
[EndTime "12:43:39 PDT"]
[Termination "Danirod won by resignation"]

1. e4 c5 2. Nf3 g6 3. d4 cxd4 4.
Nxd4 Bg7 5. Nb3 Nc6 6. Be2 Nf6 7. Nc3 O-O 8. O-O a5 9. a4 Nb4 10. Bf3 d6 11. Nd5 Nfxd5 12. exd5 Bf5 13. Re1 Bxc2 0-1

[Event "*** Titled Tuesday 3|2 Blitz"]
[Site "Chess.com"]
[Date "2015.09.01"]
[Round "9"]
[White "Boryboy"]
[Black "Mornar1951"]
[Result "1/2-1/2"]
[WhiteElo "2514"]
[BlackElo "2505"]
[TimeControl "180+2"]
[EndTime "12:44:04 PDT"]
[Termination "Game drawn by agreement"]

1. d4 Nf6 2. Nf3 d5 3. c4 e6 4. g3 Bb4+ 5. Bd2 Be7 6. Bg2 O-O 7. O-O Nbd7 8. Qc2 c6 9. Bf4 b6 10. Nc3 Bb7 11. cxd5 cxd5 12. Rac1 Rc8 13. Qb3 Nh5 14. Bd2 Nhf6 15. Bf4 Nh5 16. Bd2 Nhf6 1/2-1/2

[Event "*** Titled Tuesday 3|2 Blitz"]
[Site "Chess.com"]
[Date "2015.09.01"]
[Round "9"]
[White "MFBerna"]
[Black "AnastasiaProtopopova"]
[Result "1-0"]
[WhiteElo "2116"]
[BlackElo "1801"]
[TimeControl "180+2"]
[EndTime "12:44:53 PDT"]
[Termination "MFBerna won by resignation"]

1. e4 e5 2. Nf3 Nc6 3. Bb5 a6 4. Ba4 Nf6 5. O-O Be7 6. Re1 b5 7. Bb3 d6 8. c3 O-O 9. h3 Na5 10. Bc2 d5 11. d4 dxe4 12. Nxe5 Bb7 13. Nd2 Bd6 14. Qe2 Re8 15. Nxe4 Bxe5 16. dxe5 Rxe5 17.
Nxf6+ Qxf6 18. Qxe5 1-0

[Event "*** Titled Tuesday 3|2 Blitz"]
[Site "Chess.com"]
[Date "2015.09.01"]
[Round "9"]
[White "BIG_Pirate"]
[Black "Mazetovic"]
[Result "1-0"]
[WhiteElo "2234"]
[BlackElo "2376"]
[TimeControl "180+2"]
[EndTime "12:45:41 PDT"]
[Termination "BIG_Pirate won by resignation"]

1. Nf3 Nf6 2. c4 g6 3. Nc3 Bg7 4. g3 O-O 5. Bg2 d6 6. O-O e5 7. d3 Nc6 8. Bg5 h6 9. Bxf6 Qxf6 10. Nd5 Qd8 11. Rb1 f5 12. Nd2 Ne7 13. b4 c6 14.
Nxe7+ Qxe7 15. b5 c5 16. Rb3 Be6 17. Nb1 h5 18. Nc3 h4 19. Nd5 Qf7 20. Ra3 Kh7 21. Ra5 g5 22. Qa4 f4 23. Rxa7 Rxa7 24. Qxa7 Kh6 25.
Qb6 e4 26. Qxd6 f3 27. exf3 exf3 28. Bh3 1-0

[Event "*** Titled Tuesday 3|2 Blitz"]
[Site "Chess.com"]
[Date "2015.09.01"]
[Round "9"]
[White "Storne89"]
[Black "PawelCzarnota"]
[Result "1-0"]
[WhiteElo "2493"]
[BlackElo "2429"]
[TimeControl "180+2"]
[EndTime "12:46:12 PDT"]
[Termination "Storne89 won by resignation"]

1. e4 c5 2. Nf3 d6 3. d4 cxd4 4. Nxd4 Nf6 5. Nc3 Nc6 6. Bg5 e6 7. Qd2 a6 8. O-O-O Bd7 9. f3 Be7 10. h4 b5 11. Nxc6 Bxc6 12. Kb1 Bb7 13. Bd3 Qc7 14. h5 h6 15. Be3 d5 16. exd5 Nxd5 17.
Nxd5 Bxd5 18. f4 Bf6 19. Rhg1 O-O-O 20. Qf2 Qa5 21. a3 b4 22. Bb6 Qa4 23. Bxd8 Rxd8 24. Qc5+ Kb7 25. Qxb4+ Qxb4 26. axb4 Bc6 27. g4 Rd4 28. g5 Be7 29. Bxa6+ Kxa6 30. Rxd4 hxg5 31. fxg5 e5 32. Rdd1 Bf3 33. h6 gxh6 34. gxh6 Bxd1 35.
Rxd1 Kb5 36. Rf1 1-0

[Event "*** Titled Tuesday 3|2 Blitz"]
[Site "Chess.com"]
[Date "2015.09.01"]
[Round "9"]
[White "stepanosinovsky"]
[Black "pKiLz5Rn9b"]
[Result "1-0"]
[WhiteElo "2302"]
[BlackElo "2398"]
[TimeControl "180+2"]
[EndTime "12:46:21 PDT"]
[Termination "stepanosinovsky won by resignation"]

1. Nf3 Nf6 2. g3 e6 3. Bg2 d5 4. O-O Be7 5. d3 O-O 6. Nbd2 b5 7. e4 c5 8. Re1 Nc6 9. e5 Nd7 10. h4 a5 11. Nf1 b4 12. h5 h6 13.
N1h2 Re8 14. Ng4 Bf8 15. Bf4 Ne7 16. Nh4 Ba6 17. Qd2 Kh7 18. a3 Qb6 19. Re3 Rad8 20. Rf3 Kg8 21. Bxh6 gxh6 22. Nxh6+ Bxh6 23. Qxh6 Nf8 24. Rf4 Nf5 25. Nxf5 exf5 26. Qxb6 1-0

[Event "*** Titled Tuesday 3|2 Blitz"]
[Site "Chess.com"]
[Date "2015.09.01"]
[Round "9"]
[White "joppie2"]
[Black "Tesla37"]
[Result "1-0"]
[WhiteElo "2384"]
[BlackElo "2532"]
[TimeControl "180+2"]
[EndTime "12:46:59 PDT"]
[Termination "joppie2 won by checkmate"]

1. e4 c5 2. Nf3 e6 3. d4 cxd4 4. Nxd4 Nc6 5. Nc3 Qc7 6. Be3 a6 7. Qf3 b5 8. O-O-O Bb7 9. Nxc6 Qxc6 10. Bd3 Nf6 11. Rhe1 Rc8 12. Bd4 Be7 13. Kb1 d6 14.
Nd5 exd5 15. exd5 Nxd5 16. Bxg7 Rg8 17. Be4 Rxg7 18. Rxd5 Qc7 19. Rh5 Bxe4 20. Qxe4 Qc4 21. Qxe7# 1-0

[Event "*** Titled Tuesday 3|2 Blitz"]
[Site "Chess.com"]
[Date "2015.09.01"]
[Round "9"]
[White "HansCoolNiemann"]
[Black "FairChess_on_YouTube"]
[Result "0-1"]
[WhiteElo "2112"]
[BlackElo "2713"]
[TimeControl "180+2"]
[EndTime "12:47:15 PDT"]
[Termination "FairChess_on_YouTube won by checkmate"]

1. d4 g6 2. c4 Bg7 3. Nf3 d6 4. Nc3 Bg4 5. e3 e5 6. Be2 Nc6 7. d5 Nce7 8. Nd2 Bxe2 9. Qxe2 f5 10. O-O Nf6 11. f4 e4 12. Nb3 O-O 13. Nd4 Qd7 14. Ne6 Rfc8 15. Nxg7 Kxg7 16. b3 Kf7 17. Bb2 Rg8 18.
Nb5 c5 19. dxc6 bxc6 20. Nd4 c5 21. Nb5 a6 22. Nc3 g5 23. Rad1 Qe6 24. Nd5 Nfxd5 25. cxd5 Qh6 26. fxg5 Rxg5 27. Rf4 Rag8 28. Rdf1 Rxg2+ 29. Qxg2 Rxg2+ 30. Kxg2 Nxd5 31. Rxf5+ Ke6 32. Kh1 Qxe3 33.
Rf8 Qe2 34. Bg7 Ne3 35. Rg1 Ng4 36. Rg2 Qe1+ 37. Rg1 Qh4 38. Rg2 e3 39. Rf3 Qe1+ 40. Rg1 Qe2 41. Rgg3 Nf2+ 42. Kg1 Qe1+ 43. Kg2 Qh1# 0-1

[Event "*** Titled Tuesday 3|2 Blitz"]
[Site "Chess.com"]
[Date "2015.09.01"]
[Round "9"]
[White "Aygehovit1992"]
[Black "bugsbunny444"]
[Result "0-1"]
[WhiteElo "2321"]
[BlackElo "2310"]
[TimeControl "180+2"]
[EndTime "12:48:28 PDT"]
[Termination "bugsbunny444 won by resignation"]

1. e4 e6 2. d4 d5 3. Nc3 Nf6 4. Bg5 Bb4 5. e5 h6 6. Bd2 Bxc3 7. bxc3 Ne4 8. Bd3 Nxd2 9. Kxd2 c5 10. Nf3 Qa5 11. Qb1 O-O 12. Qb5 Qxb5 13. Bxb5 c4 14. Ba4 a6 15. Rab1 b5 16. g4 g6 17. Bxb5 axb5 18. Rxb5 Bd7 19. Rb7 Bc6 20. Rb6 Rc8 21.
Rhb1 Nd7 22. R6b2 Ra7 23. h4 Rca8 24. g5 hxg5 25. hxg5 Rxa2 26. Nh2 Rxb2 27. Rxb2 Rb8 28. Rxb8+ Nxb8 29. Ng4 Kf8 30. Kc1 Ke7 31. Kb2 Nd7 32. Ka3 Kd8 33. Kb4 Ke8 34. Ka5 Nb8 35. f4 Bd7 36.
Ne3 Nc6+ 37. Kb6 Ne7 38. Ka5 Kd8 39. Ng4 Nf5 40. Nh6 Be8 41. Ng8 Ne3 42. Nf6 Ng2 43. f5 gxf5 0-1

[Event "*** Titled Tuesday 3|2 Blitz"]
[Site "Chess.com"]
[Date "2015.09.01"]
[Round "9"]
[White "Bab3s"]
[Black "Hafez_Bakr"]
[Result "1-0"]
[WhiteElo "2120"]
[BlackElo "1719"]
[TimeControl "180+2"]
[EndTime "12:48:30 PDT"]
[Termination "Bab3s won by resignation"]

1. e4 c5 2. c3 d6 3. d4 cxd4 4.
cxd4 Nf6 5. Nc3 g6 6. Nf3 Bg7 7. h3 O-O 8. Be2 Nc6 9. O-O Bd7 10. Be3 a6 11. Rc1 Rc8 12. d5 Ne5 13. Nxe5 dxe5 14. f3 Qa5 15. a3 Nh5 16. Qe1 Nf4 17. Qf2 Nxe2+ 18. Qxe2 Rxc3 19. bxc3 Qxa3 20. c4 e6 21. Qd2 exd5 22. exd5 f5 23. Bh6 f4 24. Bxg7 Kxg7 25. Rfe1 Qc5+ 26. Qf2 Qd6 27. Red1 b6 28. c5 bxc5 29.
Qxc5 Qf6 30. Qa7 Rf7 31. Rc7 Qd6 32. Qc5 Qf6 33. d6 g5 34. Re1 1-0

[Event "*** Titled Tuesday 3|2 Blitz"]
[Site "Chess.com"]
[Date "2015.09.01"]
[Round "9"]
[White "SCIM"]
[Black "Tesla17"]
[Result "0-1"]
[WhiteElo "2118"]
[BlackElo "2146"]
[TimeControl "180+2"]
[EndTime "12:48:34 PDT"]
[Termination "Tesla17 won by checkmate"]

1. d4 c5 2. d5 e6 3. c4 exd5 4. cxd5 d6 5. Nc3 Be7 6. e4 Bf6 7. Bd3 Ne7 8. Nge2 Ng6 9. O-O O-O 10. f4 Na6 11. Be3 Nc7 12. a4 Re8 13. Kh1 a6 14. a5 Bd7 15. Qc2 Nb5 16. Nxb5 axb5 17. Nc3 Rxa5 18. Rxa5 Qxa5 19. e5 dxe5 20. fxe5 Rxe5 21. Bxc5 b4 22. Ne4 b3 23. Qxb3 Rxe4 24. Bxe4 Qxc5 25. Qxb7 Bb5 26. Ra1 Bxb2 27. Bxg6 hxg6 28. Rb1 Qc2 29. Re1 Qd3 30. d6 Bf6 31. h3 g5 32. Qa8+ Kh7 33. Qb7 Kh6 34. Qxf7 Qxd6 35. Qg8 Bc6 36. Qh8+ Kg6 37. Qg8 Qg3 38. Qe6 Qxg2# 0-1

[Event "*** Titled Tuesday 3|2 Blitz"]
[Site "Chess.com"]
[Date "2015.09.01"]
[Round "9"]
[White "1stSecond"]
[Black "HZMC92"]
[Result "1-0"]
[WhiteElo "2378"]
[BlackElo "2272"]
[TimeControl "180+2"]
[EndTime "12:48:42 PDT"]
[Termination "1stSecond won by resignation"]

1. d4 d5 2. Nf3 e6 3. c4 c6 4. Nc3 dxc4 5. a4 Bb4 6. e4 b5 7.
Be2 a5 8. O-O Bxc3 9. bxc3 Nf6 10.
Bg5 h6 11. Bxf6 Qxf6 12. Rb1 Bd7 13. Ne5 Qe7 14. f4 O-O 15. Qe1 Na6 16. Qg3 Rfb8 17.
f5 exf5 18. Nxd7 Qxd7 19. Rxf5 Nc7 20. Rbf1 Rf8 21. Bh5 f6 22. Rxf6 Rxf6 23. Rxf6 Rf8 24. Rxh6 b4 25. Bg4 Qe7 26. Bf5 Rf6 27. Rxf6 Qxf6 28.
Qxc7 g6 29. Qc8+ Kg7 30. Qc7+ Kg8 31. Qxa5 gxf5 32. Qxb4 fxe4 33. Qxc4+ Kg7 34. Qe2 Qf4 35. Qe1 Kh6 36. a5 e3 37. a6 Qe4 38. a7 e2 39.
a8=Q Qe3+ 40. Kh1 c5 41. Qf8+ Kg6 42. Qf3 1-0

[Event "*** Titled Tuesday 3|2 Blitz"]
[Site "Chess.com"]
[Date "2015.09.01"]
[Round "9"]
[White "rikyshi"]
[Black "Grootneus"]
[Result "1-0"]
[WhiteElo "2114"]
[BlackElo "2002"]
[TimeControl "180+2"]
[EndTime "12:48:58 PDT"]
[Termination "rikyshi won by resignation"]

1. e4 c5 2. Nf3 Nc6 3. d4 cxd4 4. Nxd4 Nf6 5. Nc3 e5 6. Ndb5 d6 7. a4 a6 8. Na3 Bg4 9. f3 Be6 10. Bc4 Be7 11. O-O O-O 12. Be3 Rc8 13. Nd5 Bxd5 14. exd5 Nb8 15. Bd3 Nbd7 16. c4 Nc5 17. Bc2 a5 18. g4 Nfd7 19. Nb5 Bg5 20. Qd2 Bxe3+ 21.
Qxe3 Nb6 22. b3 Qe7 23. f4 e4 24. Rae1 f5 25. gxf5 Rce8 26. Nd4 Qh4 27. Ne6 Rxf5 28.
Nxc5 dxc5 29. Bxe4 Rf6 30. Bxh7+ Kxh7 31. Qxe8 Qg4+ 32.
Kh1 Rxf4 33. Rxf4 Qxf4 34. Qe4+ Qxe4+ 35. Rxe4 Nc8 36. Re8 Nd6 37. Re7 Kg6 38. Re6+ 1-0

[Event "*** Titled Tuesday 3|2 Blitz"]
[Site "Chess.com"]
[Date "2015.09.01"]
[Round "9"]
[White "Fh2411"]
[Black "alturas_pacificas"]
[Result "0-1"]
[WhiteElo "2168"]
[BlackElo "2024"]
[TimeControl "180+2"]
[EndTime "12:49:01 PDT"]
[Termination "alturas_pacificas won by checkmate"]

1. d4 d5 2. Nf3 Nf6 3. c4 c6 4.
Nc3 e6 5. e3 Nbd7 6. Qc2 Bd6 7. Bd3 dxc4 8. Bxc4 b5 9. Be2 Bb7 10.
O-O a6 11. e4 e5 12. Rd1 Qe7 13. dxe5 Nxe5 14. Nxe5 Bxe5 15. Be3 O-O 16. f3 Rfd8 17. Rxd8+ Rxd8 18. Rd1 Rxd1+ 19. Nxd1 Qd7 20. g3 Bd4 21. Kf2 c5 22. b3 h6 23. Qd2 Bxe4 24. Qa5 Bb7 25.
Qb6 Nd5 26. Qa7 Nxe3 27. Nxe3 Bxe3+ 28. Kxe3 Qd4# 0-1

[Event "*** Titled Tuesday 3|2 Blitz"]
[Site "Chess.com"]
[Date "2015.09.01"]
[Round "9"]
[White "ilmago"]
[Black "ItalianMachine"]
[Result "0-1"]
[WhiteElo "1861"]
[BlackElo "2198"]
[TimeControl "180+2"]
[EndTime "12:49:05 PDT"]
[Termination "ItalianMachine won by resignation"]

1. e4 c5 2. Nf3 d6 3. d4 cxd4 4. Qxd4 Nf6 5. e5 Nc6 6. Bb5 Nd7 7.
Bxc6 bxc6 8. exd6 exd6 9. Bf4 Qf6 10. O-O Be7 11. Re1 O-O 12. Nc3 d5 13. Rad1 a5 14.
Qa4 Nb6 15. Qd4 Nc4 16. Na4 Bg4 17. Rd3 Bf5 18. Rdd1 Bxc2 19. Nb6 Nxb6 20. Qxb6 Qxf4 21. Rc1 Be4 22. Qxc6 Bxf3 23. gxf3 Bd6 24. Qxd5 Qxh2+ 25.
Kf1 Rae8 26. Rxe8 Rxe8 27. f4 Bxf4 28. Qc6 Qh3+ 29. Kg1 Bh2+ 30. Kh1 Bg3+ 31. Kg1 Qh2+ 0-1

[Event "*** Titled Tuesday 3|2 Blitz"]
[Site "Chess.com"]
[Date "2015.09.01"]
[Round "9"]
[White "AlexanderL"]
[Black "arnacman"]
[Result "1-0"]
[WhiteElo "2527"]
[BlackElo "2273"]
[TimeControl "180+2"]
[EndTime "12:49:29 PDT"]
[Termination "AlexanderL won by resignation"]

1. d4 d5 2. c4 c6 3. Nf3 Nf6 4. g3 a6 5. Nbd2 Bg4 6. Bg2 Nbd7 7.
O-O e6 8. Qc2 Be7 9. e4 dxe4 10.
Nxe4 O-O 11. Nxf6+ Bxf6 12. Be3 e5 13. Rad1 exd4 14.
Bxd4 Qc7 15. Rd2 Rad8 16. Rfd1 Bxd4 17. Rxd4 Nf6 18. Qd2 Rxd4 19. Qxd4 h6 20. h3 Be6 21. Ne5 Re8 22. b4 Re7 23. Qc5 Bf5 24. Nxc6 bxc6 25. Qxf5 Re5 26. Qf4 c5 27. b5 axb5 28.
cxb5 Qb8 29. b6 Kf8 30. b7 Re8 31. Qxb8 Rxb8 32. a4 Ke7 33. a5 Ne8 34. a6 Nd6 1-0

[Event "*** Titled Tuesday 3|2 Blitz"]
[Site "Chess.com"]
[Date "2015.09.01"]
[Round "9"]
[White "MMSANCHEZ"]
[Black "tac49"]
[Result "0-1"]
[WhiteElo "2290"]
[BlackElo "2427"]
[TimeControl "180+2"]
[EndTime "12:49:32 PDT"]
[Termination "tac49 won by resignation"]

1. d4 Nf6 2. Nf3 g6 3. Nbd2 Bg7 4. e4 O-O 5. Bd3 c5 6. c3 cxd4 7. cxd4 Nc6 8. O-O d6 9. Nb3 Bd7 10. h3 Nb4 11. Bb1 Ba4 12. a3 Nc6 13. Be3 Na5 14.
Bc2 Bxb3 15. Bxb3 Nxe4 16. Bc2 d5 17. Bd3 Qb6 18. b4 Nc4 19. Qe2 Rac8 20. Rfc1 Nxe3 21. fxe3 e6 22. Qb2 Bh6 23. Qe2 Nd6 24. Ne5 Rc7 25. Rc5 Rfc8 26. Rac1 Bf8 27. R5c2 Rxc2 28. Rxc2 Rxc2 29. Qxc2 Bh6 30. Kf2 Qd8 31. Qc1 Qh4+ 32. Kg1 Qg3 33. Ng4 Bg7 34. Qc7 h5 35. Nf2 Qxe3 36.
Qd8+ Kh7 37. Qxd6 Bxd4 38. Kh2 Be5+ 0-1

[Event "*** Titled Tuesday 3|2 Blitz"]
[Site "Chess.com"]
[Date "2015.09.01"]
[Round "9"]
[White "Tomsel"]
[Black "ChadaevNikolay"]
[Result "1-0"]
[WhiteElo "2357"]
[BlackElo "2593"]
[TimeControl "180+2"]
[EndTime "12:49:34 PDT"]
[Termination "Tomsel won by resignation"]

1. d4 Nf6 2. Bf4 g6 3. e3 Bg7 4. Nf3 d6 5. Be2 Nh5 6. Bg5 h6 7. Bh4 g5 8. Nfd2 Nf6 9. Bg3 Nc6 10. c4 e5 11. d5 Ne7 12. Nc3 Nf5 13. Qc2 a6 14.
Bd3 Ne7 15. h4 g4 16. h5 O-O 17. Bh4 Qd7 18. O-O-O Nf5 19. Bxf6 Bxf6 20. Kb1 Bg7 21. Nde4 Ne7 22. f3 f5 23. Ng3 f4 24. exf4 exf4 25. Nge2 Qe8 26. fxg4 Bxg4 27. Rdf1 Be5 28. Qd2 Qf7 29. Rh4 Bf5 30. Nxf4 Qf6 31. g3 Qg5 32. Bxf5 Nxf5 33. Ne4 Qe7 34. Rg4+ Kh7 35. Ng6 Qd7 36. Nxf8+ Rxf8 37. Rg6 Bg7 38. g4 Qe7 39. Qd3 Nh4 40. Rxf8 Qxf8 41. Nf6+ 1-0